Unix NetHack Version 5.0.0-0 post-release - last build May  4 2026 22:22:43 (774f63e81ad911689b3a0859ea89b322d5daca8d,branch:main).

Game began 2026-05-08 10:28:52, ended 2026-05-08 10:55:14.

2459832143, lawful male human Knight

                                          --------
                                         --..--..|
                                         -.....G@--
                                          --......|
                                           --.....|
                                            |...G#-
                                -          --....#
                               |.-- - --- --......
                                ...|.--.---......
                                 -.....)........
                                 |(..<.|.......
                                  --..----....
                                   ----  ----

2459832143 the Gallant   St:14 Dx:9 Co:12 In:8 Wi:14 Ch:18  Lawful
Dlvl:4  $:25 HP:0(23) Pw:8(8) AC:3  Xp:2 T:296 

Latest messages:
 The gnome lord hits!
 You miss the gnome lord.
 The gnome picks up a crossbow bolt.
 You hit the gnome lord!
 You hit the gnome lord!
 You hear crashing rock.
 The gnome lord drinks a dark green potion!
 The gnome lord looks completely healed.
 The gnome shoots an arrow!
 The arrow misses the gnome.
 The arrow misses the gnome lord.
 You are hit by an arrow.
 You don't have anything to drink.
 What do you want to read? [l or ?*] l
 You feel threatened.
 The spellbook crumbles to dust!
 Call a light green spellbook: 
 You can move again.
 You hit the gnome lord!
 You miss the gnome lord.
 The gnome lord thrusts his orcish spear.
 The gnome lord hits!
 You hit the gnome lord!
 The gnome lord thrusts his orcish spear.
 The gnome lord misses!
 The gnome hits!
 The gnome shoots an arrow!
 The arrow hits the gnome lord.
 You hit the gnome lord!
 The gnome lord thrusts his orcish spear.
 The gnome lord misses!
 You kill the gnome lord!
 Welcome to experience level 2.
 The gnome picks up an orcish spear.
 You kill the gnome!
 The gnome hits!
 The gnome misses!
 The gnome shoots an arrow!
 You catch the arrow! n - an arrow.
 You miss the gnome.
 The gnome hits!
 You hit the gnome.
 You miss the gnome.
 The gnome hits!
 You die...
 Do you want your possessions identified? [ynq] (y) n
 Do you want to see your attributes? [ynq] (y) n
 Do you want an account of creatures vanquished? [ynaq] (y) n
 Do you want to see your conduct and achievements? [ynq] (y) n
 Do you want to see the dungeon overview? [ynq] (y) n

Inventory:
 Coins    ('$')
  $ - 25 gold pieces
 Weapons  (')')
  n - a cursed -2 arrow
  m - 13 +0 crossbow bolts
  a - a +1 long sword (weapon in right hand)
  b - a +1 lance (alternate weapon; not wielded)
 Armor    ('[')
  d - an uncursed +0 helmet (being worn)
  f - an uncursed +0 pair of leather gloves (being worn)
  e - an uncursed +0 small shield (being worn)
  c - an uncursed +1 ring mail (being worn)
 Comestibles  ('%')
  g - 12 uncursed apples
  h - 12 uncursed carrots
  k - an uncursed melon
 Rings    ('=')
  i - an uncursed ring of poison resistance
 Tools    ('(')
  j - an uncursed oil lamp (lit)

2459832143 the Knight's attributes:

Background:
 You were a Gallant, a level 2 male human Knight.
 You were lawful, on a mission for Lugh
 who was opposed by Brigit (neutral) and Manannan Mac Lir (chaotic).
 You were right-handed.
 You were in the Gnomish Mines, on level 4.
 You entered the dungeon 296 turns ago.
 You had 37 experience points, 3 more were needed to attain level 3.

Basics:
 You had 0 out of 23 hit points.
 You had all 8 energy points (spell power).
 Your armor class was 3.
 Your wallet contained 25 zorkmids.
 Autopickup was off.

Final Characteristics:
 Your strength was 14 (limit:18/100).
 Your dexterity was 9 (limit:18).
 Your constitution was 12 (limit:18).
 Your intelligence was 8 (limit:18).
 Your wisdom was 14 (limit:18).
 Your charisma was 18 (limit:18).

Final Status:
 You weren't hungry.
 You were unencumbered.
 You were wielding a long sword.
 You had basic skill with long sword.

Final Attributes:
 You were fervently aligned.
 You could jump.
 You were warded.
 You are dead.

Miscellaneous:
 You didn't encounter any bones levels.
 Total elapsed playing time was 24 minutes and 36 seconds.

Major events:
 Turn
    1: 2459832143 the lawful male human Knight entered the dungeon
  255: entered the Gnomish Mines
  296: killed by a gnome

You didn't know any spells.

Skills:
 Fighting Skills
   bare handed combat [Unskilled]
   two weapon combat  [Unskilled]
   riding             [Basic]
 Weapon Skills
   dagger             [Unskilled]
   knife              [Unskilled]
   axe                [Unskilled]
   pick-axe           [Unskilled]
   short sword        [Unskilled]
   broadsword         [Unskilled]
   long sword         [Basic]
   two-handed sword   [Unskilled]
   saber              [Unskilled]
   club               [Unskilled]
   mace               [Unskilled]
   morning star       [Unskilled]
   flail              [Unskilled]
   hammer             [Unskilled]
   polearms           [Unskilled]
   spear              [Unskilled]
   trident            [Unskilled]
   lance              [Basic]
   bow                [Unskilled]
   crossbow           [Unskilled]
 Spellcasting Skills
   attack spells      [Unskilled]
   healing spells     [Unskilled]
   clerical spells    [Unskilled]

Voluntary challenges:
 Character rerolling was not enabled.
 You went without food.
 You were an atheist.
 You never genocided any monsters.
 You never polymorphed an object.
 You never changed form.
 You used no wishes.
Achievement:
 You entered the Gnomish Mines.

 The Dungeons of Doom: levels 1 to 3
    Level 1:
       A fountain.
    Level 2:
    Level 3:
       Stairs down to The Gnomish Mines.
 The Gnomish Mines:
    Level 4: <- You were here.
       Final resting place for
          you, killed by a gnome.


Vanquished creatures:
  a gnome leader
  a giant rat
  2 gnomes
  a jackal
  a fox
  a newt
7 creatures vanquished.

No species were genocided or became extinct.

Game over:
                       ----------
                      /          \
                     /    REST    \
                    /      IN      \
                   /     PEACE      \
                  /                  \
                  |    2459832143    |
                  |      25 Au       |
                  |   killed by a    |
                  |      gnome       |
                  |                  |
                  |                  |
                  |       2026       |
                 *|     *  *  *      | *
        _________)/\\_//(\/(/\)/\//\/|_)_______

Fare thee well 2459832143 the Knight...

You died in The Gnomish Mines on dungeon level 4 with 321 points,
and 25 pieces of gold, after 296 moves.
You were level 2 with a maximum of 23 hit points when you died.

